 Dungeon Crawl Stone Soup version 0.22.1-1-ga44c0e56f4 (webtiles) character file.

51 Inquisition the Charmwright (level 3, 0/27 HPs)
             Began as a Vampire Skald on Oct 4, 2018.
             Slain by a hobgoblin (3 damage)
             ... on level 2 of the Dungeon.
             The game lasted 00:10:41 (1220 turns).

Inquisition the Charmwright (Vampire Skald)         Turns: 1220, Time: 00:10:42

Health: 0/27       AC:  3    Str: 11    XL:     3   Next: 58%
Magic:  6/6        EV: 14    Int: 15    God:
Gold:   51         SH:  0    Dex: 13    Spells: 3/6 levels left

rFire    . . .     SeeInvis +   a - +0 mace
rCold    . . .     Gourm    .   (no shield)
rNeg     + . .     Faith    .   b - +0 leather armour
rPois    .         Spirit   .   (no helmet)
rElec    .         Reflect  .   (no cloak)
rCorr    .         Harm     .   (no gloves)
MR       .....                  (no boots)
Stlth    +.........             (no amulet)
HPRegen  0.09/turn              h - +2 ring of evasion
MPRegen  0.10/turn              (no ring)

@: lethally poisoned (0 -> -6)
A: fangs 3, see invisible, unbreathing
a: Bat Form


You were on level 2 of the Dungeon.
You were not thirsty.

You visited 1 branch of the dungeon, and saw 2 of its levels.

You collected 51 gold pieces.

Inventory:

Hand Weapons
 a - a +0 mace (weapon)
 c - a +0 club
Missiles
 e - 20 arrows
 m - 49 stones (quivered)
 p - 17 bolts
 r - 22 sling bullets
Armour
 b - a +0 leather armour (worn)
 g - a +0 ring mail
 k - a cursed +0 robe
 s - a +0 chain mail
Jewellery
 h - a +2 ring of evasion (left hand)
Scrolls
 l - a scroll of teleportation {unknown}
 q - a scroll of immolation {unknown}
Potions
 d - 13 potions of blood
 f - a potion of heal wounds
 i - a potion of resistance {unknown}
 n - 2 potions of mutation {unknown}
 o - a potion of curing {unknown}
Comestibles
 j - a ration


   Skills:
 + Level 1.9 Fighting
 + Level 2.0 Maces & Flails
 + Level 1.3 Armour
 + Level 2.8 Dodging
 + Level 0.3 Stealth
 + Level 2.1 Spellcasting
 + Level 3.8 Charms


You had 3 spell levels left.
You knew the following spells:

 Your Spells              Type           Power        Failure   Level  Hunger
a - Infusion              Chrm           ##..         6%          1    #......
b - Song of Slaying       Chrm           ##......     9%          2    ###....

Your spell library contained the following spells:

 Spells                   Type           Power        Failure   Level  Hunger
 Shroud of Golubria       Chrm/Tloc      #.........   21%         2    ###....
 Regeneration             Chrm/Necr      #.........   36%         3    ###....
 Spectral Weapon          Hex/Chrm       #.......     36%         3    ###....


Dungeon Overview and Level Annotations

Branches:
Dungeon (2/15)

Altars:


Innate Abilities, Weirdness & Mutations

You have razor-sharp teeth.
You have supernaturally acute eyesight. (SInv)
You can survive without breathing.


Message History

The hobgoblin misses you. The hobgoblin barely misses you.
You feel sick. The adder bites you but does no damage. The adder bites you.
The adder bites you but does no damage.
You barely miss the adder.
You feel sick.
You are no longer poisoned.
The adder closely misses you.
The hobgoblin hits you but does no damage.
You closely miss the adder. The adder bites you.
* * * LOW HITPOINT WARNING * * *
The adder misses you.
You barely miss the adder. You bite the adder.
The adder is heavily wounded.
The adder bites you.
* * * LOW HITPOINT WARNING * * *
You are lethally poisoned!
The adder poisons you! The hobgoblin hits you with a club.
* * * LOW HITPOINT WARNING * * *
The hobgoblin hits you.
You die...

##.#....#.#### #'##
.............# ....
###............# .....
...............# ..... #
#.............#...... #
#####..............#...... #
#.......................## #
#......##...gS#'##........ #
#......##...g@#.##†.....#. #
+............<'.##?.....#
####......##.....####........
...#......##.....# #........
...#......#......# #........
...#......#......# #........
...#....÷.#......# #........
...#.....##......#
........#.....>..#


You could see an adder and 2 hobgoblins.

Vanquished Creatures
  An adder (D:2)
  3 leopard geckos (D:1)
  3 giant cockroaches
  7 goblins (D:1)
  7 hobgoblins
  3 kobolds
  5 bats
  3 frilled lizards
  4 rats
36 creatures vanquished.

Notes
Turn   | Place    | Note
-------+----------+-------------------------------------------
     0 | D:1      | Inquisition the Vampire Skald began the quest for the Orb.
     0 | D:1      | Reached XP level 1. HP: 16/16 MP: 3/3
   141 | D:1      | Reached XP level 2. HP: 14/22 MP: 5/5
   855 | D:1      | Reached XP level 3. HP: 23/27 MP: 3/6
   966 | D:1      | Learned a level 2 spell: Song of Slaying
  1070 | D:2      | Reached skill level 1 in Armour
  1220 | D:2      | Slain by a hobgoblin

Skill      XL: |  1  2  3 |
---------------+----------+-----
Maces & Flails | 2 |  2.0
Armour         | 1 |  1.3
Fighting       | |  1.9
Dodging        | |  2.8
Stealth        | |  0.3
Spellcasting   | |  2.1
Charms         | |  3.8

Action                   || total
-------------------------++-------
Melee: Mace              ||   116
       Bite              ||    11
 Cast: Infusion          ||     4
  Use: Scroll            ||     2
       Potion            ||     1
 Stab: Sleeping          ||     1
Armor: Leather armour    ||    49
Dodge: Dodged            ||   116
